AoeStats
← Yisus

Oasis

509695057Analyzed
4v4 RM · 3d ago on Sep 27, 2026· 58m 38s· 8 players
Game mode
Random Map
Map size
Large (8 player)
Population
200
Speed
Normal
Resources
Standard
Victory
Conquest
Starting age
Dark Age
Ending age
Imperial Age
RankedLock teamsTeams togetherTeam positionsShared explorationLock speedFull tech treeHidden civsTurbo modeCheats
Victory
Defeat
🇦🇷 Spanish · Argentina
882
+15
🇦🇷 Khmer · Argentina
870
+15
🇵🇪 Britons · Peru
861
+16
🇫🇷 Franks · France
830
+17
🇦🇷 Mongols · Argentina
997
-35
🇦🇷 Saracens · Argentina
814
-14
🇦🇷 Lithuanians · Argentina
811
-14
🇦🇷 Burgundians · Argentina
810
-14
Mancuso
0:53 Loom
0:58 Loom
12:15 Feudal Age
12:54 Horse Collar
13:02 Double-Bit Axe
19:54 Castle Age
18:36 Scale Barding Armor
18:53 Stone Mining
18:59 Gold Mining
21:13 Heavy Plow
22:37 Caravan
23:38 Bow Saw
29:31 Masonry
29:54 Forging
29:54 Murder Holes
30:48 Chain Barding Armor
33:14 Imperial Age
32:41 Bloodlines
33:09 Iron Casting
32:25 Fletching
34:53 Conscription
34:40 Husbandry
35:22 Plate Barding Armor
35:12 Elite Mameluke
37:15 Ballistics
36:30 Heavy Camel Rider
38:14 Blast Furnace
37:09 Bodkin Arrow
37:59 Light Cavalry
41:57 Two-Man Saw
41:15 Counterweights
44:07 Gold Shaft Mining
43:09 Hussar
45:26 Bracer
49:52 Coinage
55:29 Banking
El Oso Rulo
0:29 Loom
10:57 Feudal Age
13:23 Double-Bit Axe
13:20 Horse Collar
24:06 Castle Age
25:07 Bow Saw
24:58 Heavy Plow
26:12 Gold Mining
26:12 Stone Mining
27:11 Husbandry
27:24 Forging
27:19 Scale Barding Armor
28:51 Squires
29:52 Fortified Wall
29:22 Treadmill Crane
31:44 Scale Barding Armor
32:20 Ballistics
35:44 Chain Barding Armor
36:00 Iron Casting
36:03 Murder Holes
36:47 Fletching
41:33 Wheelbarrow
44:45 Imperial Age
42:31 Hand Cart
44:48 Cavalier
44:51 Elite Leitis
45:52 Conscription
47:09 Crop Rotation
48:58 Two-Man Saw
48:54 Paladin
56:13 Chemistry
Yisus
14:43 Feudal Age
14:15 Double-Bit Axe
14:13 Horse Collar
15:40 Loom
17:06 Bow Saw
16:56 Gold Mining
20:30 Castle Age
20:41 Stone Mining
20:57 Scale Mail Armor
21:03 Scale Barding Armor
21:08 Forging
23:08 Two-Man Saw
22:52 Chain Mail Armor
22:57 Chain Barding Armor
23:45 Cavalier
27:44 Husbandry
34:23 Wheelbarrow
37:48 Imperial Age
38:14 Hand Cart
37:53 Paladin
39:19 Stone Shaft Mining
39:19 Gold Shaft Mining
39:08 Ballistics
39:51 Chemistry
38:33 Treadmill Crane
45:18 Plate Mail Armor
45:24 Plate Barding Armor
45:25 Iron Casting
44:53 Elite Coustillier
45:56 Conscription
55:47 Caravan
56:59 Fortified Wall
56:45 Murder Holes
57:01 Masonry
56:40 Town Watch
Mole
7:25 Loom
9:35 Feudal Age
14:50 Double-Bit Axe
21:29 Castle Age
24:27 Pikeman
27:15 Forging
31:49 Wheelbarrow
31:01 Town Watch
32:43 Iron Casting
32:09 Scale Mail Armor
33:05 Squires
35:57 Iron Casting
35:22 Scale Mail Armor
41:08 Chain Mail Armor
45:25 Imperial Age
43:14 Hand Cart
43:01 Town Patrol
46:39 Light Cavalry
47:54 Bloodlines
47:48 Husbandry
47:50 Hussar
49:36 Blast Furnace
48:42 Scale Barding Armor
49:04 Elite Steppe Lancer
51:44 Chain Barding Armor
54:05 Horse Collar
54:46 Bow Saw
Wolfenar
0:34 Loom
12:11 Feudal Age
13:17 Double-Bit Axe
21:34 Castle Age
19:26 Horse Collar
22:54 Bow Saw
26:09 Gold Mining
29:31 Wheelbarrow
29:07 Caravan
30:12 Stone Mining
31:00 Gold Shaft Mining
30:49 Heavy Plow
33:39 Fletching
37:31 Ballistics
37:29 Bodkin Arrow
37:35 Padded Archer Armor
37:40 Treadmill Crane
40:26 Leather Archer Armor
42:43 Imperial Age
40:40 Yeomen
40:38 Forging
40:36 Scale Barding Armor
41:44 Pikeman
42:26 Squires
42:52 Elite Longbowman
43:54 Conscription
42:58 Elite Skirmisher
43:08 Halberdier
45:54 Bracer
46:25 Ring Archer Armor
47:00 Chemistry
48:05 Scale Mail Armor
48:41 Iron Casting
49:58 Hoardings
52:28 Arson
GhostGoth
9:39 Loom
11:41 Feudal Age
14:12 Wheelbarrow
13:26 Double-Bit Axe
18:00 Castle Age
16:50 Horse Collar
17:55 Gold Mining
17:56 Stone Mining
20:51 Husbandry
21:03 Bloodlines
22:17 Scale Barding Armor
22:58 Hand Cart
23:16 Heavy Plow
25:59 Forging
26:10 Chain Barding Armor
29:39 Iron Casting
29:47 Caravan
31:34 Scale Mail Armor
31:50 Pikeman
32:15 Arson
35:13 Chain Mail Armor
35:43 Gold Shaft Mining
35:44 Stone Shaft Mining
35:31 Bow Saw
36:59 Tusk Swords
40:20 Imperial Age
40:48 Halberdier
42:57 Blast Furnace
42:33 Plate Barding Armor
42:59 Conscription
43:14 Elite Ballista Elephant
44:53 Double Crossbow
47:05 Elite Battle Elephant
IgnacioCasla23
5:51 Loom
13:12 Feudal Age
21:01 Castle Age
19:44 Horse Collar
20:00 Double-Bit Axe
24:26 Wheelbarrow
25:35 Heavy Plow
26:25 Bow Saw
35:03 Imperial Age
32:37 Pikeman
33:18 Squires
36:18 Halberdier
39:18 Two-Man Saw
41:23 Elite Conquistador
OrMercure41
0:32 Loom
10:38 Feudal Age
13:18 Double-Bit Axe
24:19 Castle Age
22:36 Stone Mining
22:41 Gold Mining
24:42 Forging
24:33 Scale Mail Armor
24:39 Scale Barding Armor
26:21 Iron Casting
26:37 Bow Saw
27:16 Ordonnance Companies
29:10 Gold Shaft Mining
30:07 Chain Mail Armor
32:22 Pikeman
41:32 Chain Barding Armor
41:07 Stone Mining
42:46 Fortified Wall
42:32 Murder Holes
43:30 Squires
46:16 Imperial Age
46:18 Halberdier
50:00 Blast Furnace
57:07 Squires
Connection lost

Rejoining the realm…

Still unreachable

The connection could not be restored.

Session expired

The server has moved on; the page needs a fresh start.